Map: Tours du crépuscule

Players

prometheus

  • Race: Terran Terran
  • League: Diamond

duckspeaker - Winner!

  • Race: Terran Terran
  • League: Platinum

VOD

Have the link to the VOD?

Description

Time

  • Played on: Feb. 15, 2016, 9:43 a.m.
  • Length: 10:52
Show
View Real Time Build Order
Export as new Build Order

prometheus Terran 

Build Orders:  

Get SALT Encoding   

  12  0:01  SCV  
  13  0:14  SCV  
  14  0:18  Supply Depot  
  14  0:26  SCV  
  15  0:31  Refinery  
  15  0:39  SCV  
  16  0:45  Barracks  
  16  0:51  SCV  
  17  1:03  SCV  
  18  1:15  SCV  
  19  1:32  Orbital Command  
  19  1:33  Marine  
  19  1:36  Factory  
  20  1:44  Supply Depot  
  20  1:50  Marine  
  21  2:09  SCV  
  21  2:15  Supply Depot, Barracks Reactor  
  21  2:20  Refinery  
  21  2:21  Factory Tech Lab, SCV  
  22  2:28  Supply Depot  
  22  2:33  SCV  
  23  2:47  Siege Tank  
  23  2:49  SCV  
  27  2:52  Marine  
  27  2:53  Marine  
  29  3:10  Marine x2  
  31  3:19  Starport  
  31  3:23  SCV  
  32  3:28  Marine x2  
  34  3:34  Siege Tank  
  37  3:41  SCV  
  37  3:46  Marine x2  
  37  3:47  Supply Depot, Command Center  
  40  4:09  SCV  
  41  4:13  Medivac x2  
  45  4:19  Engineering Bay  
  45  4:28  Command Center  
  45  4:32  Marine  
  45  4:33  SCV  
  47  4:40  Siege Tank  
  50  5:04  Marine  
  50  5:06  Viking x2  
  55  5:07  SCV  
  55  5:08  Orbital Command  
  56  5:19  Missile Turret x2  
  56  5:23  SCV  
  57  5:35  SCV x2  
  58  5:47  SCV x2  
  60  5:58  SCV  
  60  5:59  SCV  
  60  6:01  Siege Tank  
  60  6:02  Viking  
  67  6:08  Factory  
  64  6:28  SCV  
  64  6:29  SCV x2  
  64  6:32  Refinery  
  64  6:33  Refinery, Viking  
  64  6:39  Armory  
  63  6:40  SCV  
  63  6:46  Barracks Reactor  
  64  6:49  SCV x2  
  64  6:53  SCV  
  67  6:56  Factory Tech Lab  
  64  7:04  Siege Tank  
  67  7:09  Missile Turret  
  67  7:12  Missile Turret  
  67  7:16  Orbital Command  
  67  7:23  SCV x2  
  67  7:27  Supply Depot  
  69  7:33  Siege Tank  
  69  7:35  SCV x2  
  69  7:36  Siege Tank  
  77  7:39  Supply Depot  
  77  7:44  Orbital Command  
  77  8:03  Factory  
  56  8:15  Orbital Command  
  56  8:17  Marine x2, Hellbat, Siege Tank  
  57  8:23  SCV  
  57  8:24  SCV  
  59  8:27  Supply Depot  
  59  8:36  SCV x2  
  59  8:38  Hellbat  
  64  8:45  Viking  
  66  8:49  Siege Tank  
  68  8:59  Supply Depot  
  68  9:00  Hellbat  
  70  9:08  Missile Turret  
  67  9:12  Widow Mine x2  
  71  9:17  SCV x2  
  71  9:21  Siege Tank  
  71  9:23  Supply Depot  
  73  9:33  Hellbat  
  73  9:40  Widow Mine  
  74  9:53  SCV x3, Siege Tank  
  74  9:54  Hellbat  
  74  9:58  Viking  
  84  10:05  SCV x2  
  86  10:25  Hellbat  
Show
View Real Time Build Order
Export as new Build Order

duckspeaker Terran - Winner!

Build Orders: Reaper Expand 

Get SALT Encoding   

  12  0:01  SCV  
  13  0:14  SCV  
  14  0:18  Supply Depot  
  14  0:26  SCV  
  15  0:39  SCV  
  15  0:42  Barracks  
  16  0:49  Refinery  
  16  0:51  SCV  
  17  1:04  SCV  
  18  1:16  SCV  
  19  1:30  Orbital Command  
  19  1:33  Reaper  
  20  1:46  Command Center  
  20  1:53  Supply Depot  
  20  1:57  SCV  
  20  2:15  SCV  
  21  2:23  Barracks Reactor  
  21  2:28  Factory  
  21  2:31  SCV  
  21  2:35  Barracks  
  22  2:38  Barracks  
  22  2:43  SCV  
  23  2:55  SCV  
  24  3:03  Orbital Command  
  24  3:06  Marine x2  
  24  3:07  SCV  
  24  3:12  Factory Tech Lab  
  27  3:15  Starport  
  27  3:19  SCV  
  28  3:32  SCV  
  28  3:33  Barracks Tech Lab  
  28  3:34  Marine x3  
  29  3:39  Refinery  
  32  3:41  SCV  
  32  3:44  SCV  
  34  3:52  Marine  
  34  3:53  Marine x2, SCV, Viking  
  40  4:02  SCV  
  41  4:03  Refinery, Marine  
  41  4:06  SCV  
  45  4:13  Marine  
  45  4:14  Marine, SCV  
  46  4:24  Supply Depot  
  46  4:26  Supply Depot  
  46  4:30  Starport Reactor  
  46  4:43  Refinery  
  46  4:45  Marine x2  
  46  4:46  SCV x2, Siege Tank  
  54  4:57  Barracks Reactor  
  54  4:58  SCV x2  
  55  5:07  Marine x2, Command Center  
  55  5:08  Marine  
  55  5:10  SCV x2  
  55  5:13  Medivac  
  62  5:22  Supply Depot  
  62  5:42  Supply Depot  
  62  5:43  Marine x5, Siege Tank  
  62  5:44  Orbital Command  
  64  6:01  Marine  
  65  6:07  Marine x2  
  65  6:08  Marine x2  
  69  6:13  Viking  
  69  6:15  Viking  
  67  6:18  Marine  
  60  6:31  Marine x4, Orbital Command  
  64  6:36  Marine  
  64  6:43  Viking  
  66  6:49  Marine x4  
  66  6:50  SCV  
  71  6:54  Marine  
  72  7:02  SCV  
  72  7:05  Orbital Command  
  72  7:07  Marine x2, SCV  
  76  7:14  SCV  
  77  7:16  Marine x3  
  77  7:19  SCV  
  81  7:24  Engineering Bay  
  81  7:25  Engineering Bay  
  81  7:26  SCV  
  81  7:27  Stimpack  
  82  7:33  Barracks  
  82  7:37  Orbital Command  
  82  7:41  Medivac  
  84  7:45  Marine  
  85  7:55  Supply Depot, Missile Turret  
  85  8:03  Marine x2  
  85  8:05  Supply Depot  
  85  8:09  Medivac  
  85  8:12  Marine x2  
  85  8:16  Marine  
  86  8:22  Marine x2  
  88  8:30  Marine  
  88  8:33  Medivac  
  84  8:35  SCV x3  
  84  8:38  Terran Infantry Weapons Level 1  
  84  8:39  Terran Infantry Armor Level 1, Medivac  
  89  8:44  Missile Turret  
  89  8:46  Missile Turret  
  89  8:48  Missile Turret  
  89  8:49  Barracks Reactor  
  89  8:51  Missile Turret  
  89  8:53  Missile Turret  
  89  8:55  Armory  
  89  8:57  Marine x4, Barracks  
  89  8:59  Barracks  
  89  9:00  Barracks  
  91  9:11  Marine  
  91  9:12  Medivac x2  
  91  9:15  Marine x4  
  100  9:25  Marine  
  100  9:28  Combat Shields  
  100  9:30  Marine x2  
  101  9:36  Marine  
  101  9:41  Marine x3  
  101  9:43  Marine, Siege Tank  
  101  10:00  Supply Depot x3  
  101  10:21  Marine x6, SCV x2, Medivac x2  
  101  10:22  Marine, SCV  
Tags
 
Add a new tag
Caveats
  • Supply blocks, unpowered buildings, or Contaminate may cause inaccurate times.
  • Supply counts are checked every 10 seconds.